 Dungeon Crawl Stone Soup version 0.31-a0-1074-g0b22e4e0f1 (webtiles) character file.

Game seed: 17369063285163426376

56 tbh1313 the Digger (level 3, 0/19 HPs)
             Began as a Gargoyle Earth Elementalist on Dec 8, 2023.
             Slain by a black bear (1 damage)
             ... on level 2 of the Dungeon.
             The game lasted 00:03:25 (1238 turns).

tbh1313 the Digger (Gargoyle Earth Elementalist)    Turns: 1238, Time: 00:03:26

Health: 0/19       AC:  5    Str: 11    XL:     3   Next: 95%
Magic:  2/7        EV: 12    Int: 17    God:
Gold:   64         SH:  0    Dex: 16    Spells: 7/8 levels left

rFire   . . .        g - +0 club (venom)
rCold   . . .        (no shield)
rNeg    + . .        a - +0 robe
rPois   ∞            (no helmet)
rElec   +            (no cloak)
rCorr   .            (no gloves)
SInv    .            (no boots)
Will    +....        (no amulet)
Stlth   ++           c - ring of willpower
HPRegen 0.23/turn    f - +6 ring of dexterity
MPRegen 0.10/turn

%: no passive effects
@: very slightly contaminated
A: sickness immunity, AC +3, negative energy resistance 1, electricity
resistance, torment resistance 1, petrification resistance
a: no special abilities


You were on level 2 of the Dungeon.
You visited 1 branch of the dungeon, and saw 2 of its levels.

You collected 64 gold pieces.

Inventory:

Hand Weapons
 g - a +0 club of venom (weapon)
 i - a +0 rapier
Armour
 a - a +0 robe (worn)
Jewellery
 c - a ring of willpower (left hand)
 f - a +6 ring of dexterity (right hand)
Scrolls
 h - a scroll of identify
Potions
 b - 3 potions of magic
 d - 2 potions of attraction
 e - a potion of haste
 j - a potion of berserk rage
 k - a potion of curing {unknown}


   Skills:
 - Level 1.5 Dodging
 - Level 2.1 Stealth
 + Level 3.0 Spellcasting
 - Level 0.7 Transmutations
 + Level 4.7 Earth Magic


You had 7 spell levels left.
You knew the following spells:

 Your Spells              Type           Power      Damage    Failure   Level
a - Sandblast             Erth           36%        2d10      2%          1

Your spell library contained the following spells:

 Spells                   Type           Power      Damage    Failure   Level
 Passwall                 Tmut/Erth      9%         N/A       9%          2
 Stone Arrow              Conj/Erth      20%        3d8       21%         3
 Static Discharge         Conj/Air       4%         3-4/arc   26%         2
 Petrify                  Tmut/Erth      11%        N/A       50%         4
 Brom's Barrelling Bould  Conj/Erth      10%        2d3       54%         4
 Airstrike                Air            1%         2d(1-17)  86%         4
 Summon Lightning Spire   Summ/Air       2%         N/A       86%         4


Dungeon Overview and Level Annotations

Branches:
Dungeon (2/15)

Altars:


Innate Abilities, Weirdness & Mutations

You are immune to sickness and miasma.
Your stone body is resilient. (AC +3)
You are immune to poison.
You resist negative energy. (rN+)
You are resistant to electric shocks. (rElec)
You are resistant to unholy torment.
You are immune to petrification.


Message History

An orc comes into view. It is wielding a +0 mace.
The orc shouts!
You can't see any susceptible monsters within range! (Use Z to cast anyway.)
Casting: Sandblast (safe; 2% risk of failure)
Confirm with . or Enter, or press ? or * to list all spells.
Okay, then.
You miscast Sandblast.
You are very lightly contaminated with residual magic.
Nothing appears to happen.
The blast of sand hits the black bear!
The black bear is moderately wounded.
An orc wizard comes into view. It is wielding a +0 dagger.
The black bear barely misses you. The black bear closely misses you.
The black bear misses you.
The blast of sand hits the black bear!
The black bear is severely wounded.
The black bear bites you but does no damage.
The black bear claws you.
The black bear claws you but does no damage.
The orc wizard mumbles some strange words.
The orc wizard flickers and vanishes!
Deactivating autopickup; reactivate with Ctrl-A.
The blast of sand hits the black bear.
The black bear is almost dead.
The black bear goes berserk!
The black bear bites you! The black bear claws you.
* * * LOW HITPOINT WARNING * * *
The black bear claws you.
* * * LOW HITPOINT WARNING * * *
You are too injured to fight recklessly!
Casting: Sandblast (safe; 2% risk of failure)
Confirm with . or Enter, or press ? or * to list all spells.
Aiming: Sandblast (safe; 2% risk of failure)
Press: ? - help, Shift-Dir - straight line, f/p - black bear
Aim: a black bear (almost dead, berserk, 87% to hit)
The blast of sand misses the black bear.
The blast of sand hits the hobgoblin.
The hobgoblin is lightly wounded.
The black bear bites you.
You die...

..############...##
..##...##...##...##
..#.#.....#...#...#
..#..#...#.#...#..#
..#...#...#.....#.#
.)##...##...##...## .#
####...########### #.#
#...#..########## #.#
#..#...##.....@.# #.#
#.#.....#.#####h###.#
##......#.#####ogo#.#####
#...........####o#.#...
###########.# #...#.##
#.# #....$.# #.#
#.#..#..... #.#
#.##.....>.. #.#
#.##...#8..8


You could see a black bear (berserk), 3 orcs and a hobgoblin.

Levels and vault maps discovered:
D:1:      nzn_arrival_crosshair, layout_basic
D:2:      layout_basic, shapermc_ecumenical_altar_mp_vishouse,
          serial_park_tiny_2, st_stairs_6, dreamdust_mushroom_princess,
          hangedman_decor_slide_cut, kennysheep_generic_room_7

Notes
Turn   | Place    | Note
-------+----------+-------------------------------------------
     0 | D:1      | tbh1313 the Gargoyle Earth Elementalist began the quest for
                  | the Orb.
     0 | D:1      | Reached XP level 1. HP: 10/10 MP: 3/3
   207 | D:1      | Reached skill level 4 in Earth Magic
   207 | D:1      | Reached XP level 2. HP: 15/15 MP: 3/5
   631 | D:1      | Reached XP level 3. HP: 19/19 MP: 4/6
  1224 | D:2      | Noticed a black bear
  1237 | D:2      | HP: 1/19 [black bear (3)]
  1238 | D:2      | Slain by a black bear

Table legend: (Time is in decaauts)
 A = Elapsed time spent in this place.
 B = Non-inter-level travel time spent in this place.
 C = Inter-level travel time spent in this place.
 D = Time resting spent in this place.
 E = Time spent auto-exploring this place.
 F = Levels seen in this place.
 G = Mean time per level.
                   A        B        C        D        E       F      G
               +--------+--------+--------+--------+--------+-----+--------+
         Total |   1262 |   1206 |     56 |     90 |    889 |   2 |  631.0 |
       Dungeon |   1262 |   1206 |     56 |     90 |    889 |   2 |  631.0 |
               +--------+--------+--------+--------+--------+-----+--------+

Top non-repeatable levels by time:
     D:1: 888 daAuts
     D:2: 373 daAuts

Table legend:
 A = Kills in this place as a percentage of kills in the entire game.
 B = Kills by you in this place as a percentage of kills by you in the entire game.
 C = Kills by friends in this place as a percentage of kills by friends in the entire game.
 D = Other kills in this place as a percentage of other kills in the entire game.
 E = Experience gained in this place as a percentage of experience gained in the entire game.
 F = Experience gained in this place divided by the number of levels of this place that you have seen.
                   A       B       C       D       E      F
               +-------+-------+-------+-------+-------+----------------------
         Total | 100.0 | 100.0 |   N/A |   N/A | 100.0 |  40.0
       Dungeon | 100.0 | 100.0 |   N/A |   N/A | 100.0 |  40.0
               +-------+-------+-------+-------+-------+----------------------

Action                     || total
---------------------------++-------
  Melee: Club              ||    36
   Cast: Sandblast         ||    31
    Use: Scroll            ||     8
 Armour: Robe              ||    26
  Dodge: Dodged            ||    38

Vanquished Creatures
  2 adders (D:2)
  3 dart slugs
  3 ball pythons (D:1)
  5 bats
  An endoplasm (D:1)
  A giant cockroach (D:1)
  3 goblins
  2 hobgoblins (D:1)
  3 jackals (D:1)
  A quokka (D:2)
  3 frilled lizards (D:1)
  4 rats
31 creatures vanquished.
